 Dungeon Crawl Stone Soup version 0.30-a0-1066-g63dfefce0d (webtiles) character file.

Game seed: 9798728501431801272

109 Zeldest the Vexing (level 4, -2/23 HPs)
             Began as a Spriggan Hexslinger on Apr 12, 2023.
             Succumbed to a gnoll's poison
             ... on level 3 of the Dungeon.
             The game lasted 00:03:19 (2228 turns).

Zeldest the Vexing (Spriggan Hexslinger)            Turns: 2228, Time: 00:03:19

Health: -2/23      AC:  5    Str:  6    XL:     4   Next: 60%
Magic:  7/7        EV: 17    Int: 16    God:
Gold:   145        SH:  0    Dex: 15    Spells: 4/5 levels left

rFire   . . .      SeeInvis +    a - +1 sling
rCold   . . .      Faith    .    (no shield)
rNeg    . . .      Spirit   .    c - +0 robe
rPois   .          Reflect  .    (helmet restricted)
rElec   .          Rampage  .    o - +2 cloak
rCorr   .                        (gloves unavailable)
Will    .....                    (boots unavailable)
Stlth   +                        (no amulet)
HPRegen 0.23/turn                (no ring)
MPRegen 0.10/turn                (no ring)

@: lethally poisoned (-2 -> -22), very quick
A: very small, no large weapons, unfitting armour, see invisible, speed 3
a: no special abilities


You were on level 3 of the Dungeon.
You visited 1 branch of the dungeon, and saw 3 of its levels.

You collected 145 gold pieces.

Inventory:

Hand Weapons
 a - a +1 sling (weapon)
Armour
 c - a +0 robe (worn)
 o - a +2 cloak (worn)
Jewellery
 k - a ring of wizardry
 n - a ring of poison resistance
Scrolls
 b - 2 scrolls of poison
 e - a scroll of amnesia {unknown}
 f - 5 scrolls of identify {unknown}
 i - a scroll of teleportation {unknown}
 m - a scroll of noise {unknown}
Potions
 d - 2 potions of magic {unknown}
 g - 2 potions of brilliance {unknown}
 h - 2 potions of curing {unknown}
 j - a potion of heal wounds {unknown}
 l - 2 potions of haste {unknown}
 p - a potion of attraction {unknown}
 q - a potion of mutation {unknown}


   Skills:
 + Level 2.1 Fighting
 + Level 3.2 Ranged Weapons
 - Level 2.6 Dodging
 - Level 1.3 Spellcasting
 + Level 4.8 Hexes


You had 4 spell levels left.
You knew the following spells:

 Your Spells              Type           Power      Damage    Failure   Level
a - Slow                  Hex            64%        N/A       3%          1

Your spell library contained the following spells:

 Spells                   Type           Power      Damage    Failure   Level
 Inner Flame              Hex/Fire       8%         N/A       24%         3
 Portal Projectile        Hex/Tloc       16%        N/A       24%         3
 Cause Fear               Hex            8%         N/A       30%         4


Dungeon Overview and Level Annotations

Branches:
Dungeon (3/15) Zot: 16494

Altars:

Shops:
D:1 !   D:2 (


Innate Abilities, Weirdness & Mutations

You are very small and have problems with some larger weapons.
You are too small for most types of armour.
You have supernaturally acute eyesight. (SInv)
You cover ground extremely quickly. (Speed+++)


Message History

You see here a ball python skeleton.
You shoot a sling bullet.
The sling bullet hits the gnoll but does no damage.
The gnoll is moderately wounded.
You shoot a sling bullet. The sling bullet hits the gnoll.
The gnoll is heavily wounded.
No target in view!
No target in view!
No target in view!
No target in view!
You shoot a sling bullet. The sling bullet hits the gnoll.
You kill the gnoll!
No target in view!
No target in view!
You see here 5 stones.
There is an open door, spattered with blood here.
q - a bubbling sapphire potion
There is a stone staircase leading down here.
The gnoll shouts! x2
You shoot a sling bullet. The sling bullet hits the gnoll.
The gnoll is lightly wounded.
The gnoll misses you.
There is a stone staircase leading up here.
You shoot a sling bullet. The sling bullet hits the gnoll.
The gnoll is moderately wounded.
You shoot a sling bullet.
The sling bullet closely misses the gnoll.
You shoot a sling bullet. The sling bullet hits the gnoll.
The gnoll is heavily wounded.
You shoot a sling bullet.
The sling bullet barely misses the gnoll.
You shoot a sling bullet. The sling bullet hits the gnoll.
The gnoll is severely wounded.
The gnoll hits you from afar with a +1 halberd of venom.
You are poisoned.
The gnoll hits you from afar with a +1 halberd of venom!
You are more poisoned.
The gnoll hits you from afar with a +0 spear.
* * * LOW HITPOINT WARNING * * *
You die...

.#..#.#.#...........###........#
.#..#.#.#...#.#.......'........#
.#..#.#.......#.##)####........#
....#.#.......#.##.#...........#
...##.#..#......##.#.#.........#
......#........###.#.#..#.######
...#####.#####.# #.#....#.#####
...# #.#...#.###.###..#.....#
...# #.#.#.#.#@.g...........#
...#####(#.#.#.###g####.......#
.........#.#.#.###............#
........)..............[.>....#
.......###...#................#
#......#
#........).....#g#######
#..)...# #..............#.# ....
#......#
#.#............#.##.....
########
#.#............#..'..#..


You could see 2 gnolls.

Vanquished Creatures
  2 gnolls (D:3)
  3 adders (D:3)
  2 dart slugs (D:1)
  An orc (D:3)
  7 endoplasms
  2 giant cockroaches
  7 goblins
  2 hobgoblins (D:1)
  4 kobolds
  3 quokkas
  7 ball pythons
  7 bats
  3 frilled lizards
  7 rats
57 creatures vanquished.

Vanquished Creatures (others)
  A demonic plant (D:1)
  A fungus (D:1)
  8 plants (D:1)
  A withered plant (D:1)
11 creatures vanquished.

Grand Total: 68 creatures vanquished

Notes
Turn   | Place    | Note
-------+----------+-------------------------------------------
     0 | D:1      | Zeldest the Spriggan Hexslinger began the quest for the
                  | Orb.
     0 | D:1      | Reached XP level 1. HP: 9/9 MP: 3/3
    77 | D:1      | Reached skill level 1 in Fighting
    99 | D:1      | Reached XP level 2. HP: 14/14 MP: 5/5
   116 | D:1      | Reached skill level 4 in Hexes
   149 | D:1      | Found Beifor's Distillery.
   324 | D:1      | Reached XP level 3. HP: 18/18 MP: 6/6
   410 | D:1      | Found a faded altar of an unknown god.
   828 | D:2      | Found Purif's Antique Weapon Emporium.
  1676 | D:3      | Reached XP level 4. HP: 23/23 MP: 7/7
  2228 | D:3      | Succumbed to a gnoll's poison

Illustrated notes

Levels and vault maps discovered:
D:1:      psy_arrival_radial01, layout_rooms, serial_shops, shop,
          shapermc_ecumenical_altar_gd
D:2:      layout_basic, serial_shops, nicolae_shop_waterfront,
          kennysheep_generic_room_15
D:3:      layout_basic, minivault_19, kennysheep_generic_room_13

Skill      XL: |  1  2  3  4 |
---------------+-------------+-----
Fighting       | 1 2 |  2.1
Hexes          | 4 |  4.8
Ranged Weapons | 3 |  3.2
Dodging        | |  2.6
Spellcasting   | |  1.3

Action                     |  1- 3 |  4- 6 || total
---------------------------+-------+-------++-------
   Fire: Sling             |   131 |    34 ||   165
   Cast: Slow              |     4 |     1 ||     5
 Armour: Robe              |     5 |     3 ||     8
  Dodge: Dodged            |    42 |    11 ||    53

Table legend: (Time is in decaauts)
 A = Elapsed time spent in this place.
 B = Non-inter-level travel time spent in this place.
 C = Inter-level travel time spent in this place.
 D = Time resting spent in this place.
 E = Time spent auto-exploring this place.
 F = Levels seen in this place.
 G = Mean time per level.
                   A        B        C        D        E       F      G
               +--------+--------+--------+--------+--------+-----+--------+
         Total |   1505 |   1439 |     66 |     74 |   1035 |   3 |  501.7 |
       Dungeon |   1505 |   1439 |     66 |     74 |   1035 |   3 |  501.7 |
               +--------+--------+--------+--------+--------+-----+--------+

Top non-repeatable levels by time:
     D:2: 655 daAuts
     D:1: 432 daAuts
     D:3: 418 daAuts
